[Event "ESTCC-50 2025"]
[Site "Swidnica"]
[Date "2025.04.10"]
[Round "6.1"]
[White "Laszewicz, Pawel"]
[Black "Rogowski, Jaroslaw"]
[Result "0-1"]
[Annotator "ChessBase"]
[ECO "B02"]
[WhiteElo "2011"]
[BlackElo "2050"]
[PlyCount "66"]
[EventDate "2025.04.05"]
[EventType "team-tourn"]
[EventCountry "POL"]
[SourceTitle "playchess.com"]
[Source "ChessBase"]
[SourceQuality "1"]
[WhiteTeam "Poland"]
[BlackTeam "Poland"]
[WhiteTeamCountry "POL"]
[BlackTeamCountry "POL"]
[TimeControl "40/5400+30:1800+30"]

1. e4 Nf6 2. Nc3 d5 3. exd5 Nxd5 4. Bc4 Nb6 5. Bb3 Nc6 6. Nf3 Bf5 7. a3 e6 8. h3 Be7 9. d3 h5 10. Be3 Nd5 11. Ba4 Nxe3 12. fxe3 Qd6 13. Qe2 O-O-O 14. O-O-O Bf6 15. d4 Bg6 16. Rd2 Nb8 17. e4 Qb6 18. Rhd1 c6 19. Kb1 h4 20. Bb3 Na6 21. Ka2 Qa5 22. Bc4 b5 23. Nxb5 cxb5 24. Bxb5 Nc7 25. Bc4 Rd7 26. b4 Qb6 27. c3 Rh5 28. Kb3 a5 29. Ne5 Bxe5 30. dxe5 Rxd2 31. Qxd2 Bxe4 32. Qd7+ Kb7 33. Rd6 Bc6 0-1

[Event "ESTCC-50 2025"]
[Site "Swidnica"]
[Date "2025.04.10"]
[Round "6.2"]
[White "Ograbek, Grzegorz"]
[Black "Machlowski, Slawomir"]
[Result "1/2-1/2"]
[Annotator "ChessBase"]
[ECO "A40"]
[WhiteElo "2068"]
[BlackElo "1963"]
[PlyCount "88"]
[EventDate "2025.04.05"]
[EventType "team-tourn"]
[EventCountry "POL"]
[SourceTitle "playchess.com"]
[Source "ChessBase"]
[SourceQuality "1"]
[WhiteTeam "Poland"]
[BlackTeam "Czech Republic"]
[WhiteTeamCountry "POL"]
[BlackTeamCountry "CZE"]
[TimeControl "40/5400+30:1800+30"]

1. d4 e6 2. c4 b6 3. a3 Bb7 4. Nc3 f5 5. d5 Nf6 6. g3 Na6 7. Bg2 Nc5 8. b4 Nce4 9. Nxe4 fxe4 10. dxe6 d5 11. cxd5 Qxd5 12. Qxd5 Bxd5 13. Nh3 Bxe6 14. Nf4 Bf5 15. Bb2 Bd6 16. O-O O-O 17. Rfd1 a5 18. Nd5 Nxd5 19. Rxd5 axb4 20. Rxf5 Rxf5 21. Bxe4 Rfa5 22. Bxa8 Rxa8 23. axb4 Re8 24. Bc3 Rxe2 25. Kg2 Rc2 26. Be1 Rb2 27. Rc1 Kf7 28. Kf3 Ke6 29. Rc4 Rb3+ 30. Ke2 Kd5 31. Rg4 Be5 32. Rg5 Ke6 33. h4 Bf6 34. Rg4 Kd5 35. f3 c5 36. bxc5 Kxc5 37. Re4 b5 38. g4 h6 39. g5 hxg5 40. hxg5 Bd4 41. Bd2 Rb2 42. Kd3 Rb3+ 43. Ke2 Rb2 44. Kd3 Rb3+ 1/2-1/2

[Event "ESTCC-50 2025"]
[Site "Swidnica"]
[Date "2025.04.10"]
[Round "6.4"]
[White "Wielosz, Jaroslaw"]
[Black "Szydelko, Kazimierz"]
[Result "0-1"]
[Annotator "NA"]
[ECO "A14"]
[WhiteElo "1939"]
[BlackElo "1798"]
[PlyCount "112"]
[EventDate "2025.04.05"]
[EventType "team-tourn"]
[EventCountry "POL"]
[SourceTitle "playchess.com"]
[Source "ChessBase"]
[SourceQuality "1"]
[WhiteTeam "Poland"]
[BlackTeam "Poland"]
[WhiteTeamCountry "POL"]
[BlackTeamCountry "POL"]
[TimeControl "40/5400+30:1800+30"]

1. Nf3 Nf6 2. c4 c5 3. Nc3 d5 4. cxd5 Nxd5 5. g3 Nc6 6. Bg2 e6 7. O-O Be7 8. d4 Nxc3 9. bxc3 O-O 10. e4 cxd4 11. cxd4 Qa5 12. Be3 Rd8 13. Qb3 b6 14. Rfd1 Bb7 15. d5 exd5 16. exd5 Nb4 17. d6 Rxd6 18. Rxd6 Bxd6 19. Ng5 Bd5 20. Qb1 g6 21. a3 Nc6 22. Qd3 Bxg2 23. Kxg2 Rd8 24. Qb3 Qf5 25. Rd1 Ne5 26. Bf4 Ng4 27. h3 Nxf2 28. Kxf2 Bc5+ 29. Kg2 Re8 30. Rd2 h6 31. Nf3 g5 32. Be5 Rxe5 33. Nxe5 Qxe5 34. Qf3 Kg7 35. Re2 Qa1 36. h4 Qxa3 37. Qe4 Qa1 38. hxg5 hxg5 39. Re1 Qd4 40. Qc2 Qd5+ 41. Kh2 Qf3 42. Qb2+ f6 43. Qd2 Qf5 44. Qg2 Qh7+ 45. Qh3 Qxh3+ 46. Kxh3 a5 47. Ra1 Kf7 48. Kg4 Ke6 49. Kf3 Kd5 50. Ke2 Bd4 51. Ra4 Kc5 52. Kd3 Be5 53. Rc4+ Kb5 54. g4 a4 55. Re4 a3 56. Re2 Kb4 0-1

[Event "ESTCC-50 2025"]
[Site "Swidnica"]
[Date "2025.04.10"]
[Round "6.5"]
[White "Buckley, Graeme N"]
[Black "Adams, Michael"]
[Result "1/2-1/2"]
[Annotator "TA"]
[ECO "C88"]
[WhiteElo "2268"]
[BlackElo "2661"]
[PlyCount "67"]
[EventDate "2025.04.05"]
[EventType "team-tourn"]
[EventCountry "POL"]
[SourceTitle "playchess.com"]
[Source "ChessBase"]
[SourceQuality "1"]
[WhiteTeam "England"]
[BlackTeam "England"]
[WhiteTeamCountry "ENG"]
[BlackTeamCountry "ENG"]
[TimeControl "40/5400+30:1800+30"]

1. e4 e5 2. Nf3 Nc6 3. Bb5 a6 4. Ba4 Nf6 5. O-O Be7 6. Re1 b5 7. Bb3 O-O 8. a4 Rb8 9. d3 d6 {[%emt 0:00:38] C88: Closed Ruy Lopez: Anti-Marshall Systems.} 10. Nbd2 Na5 11. Ba2 c5 {[%emt 0:00:15] The position is equal.} 12. c3 Qc7 13. Nf1 b4 14. Ne3 b3 15. Bb1 Be6 $146 (15... Re8 16. Nd2 Be6 17. Ndc4 Bf8 18. Ra3 Nxc4 19. dxc4 Qb7 20. Qd3 g6 21. Nd5 Nxd5 22. cxd5 {½-½ Barbaric Vuk,T (2146)-Jakic,I (2319) Omis op 2004 (4)}) 16. d4 Rbd8 (16... c4 $11) 17. d5 $16 Bd7 18. c4 g6 19. Bd2 Ng4 20. Bd3 Nxe3 21. Bxe3 Rb8 22. Bh6 Rfe8 23. h3 Qd8 24. Qc1 (24. Bd2 $16) 24... Bf6 (24... f5 $14) 25. Ra3 Bg7 26. Bd2 f5 27. Rf1 ({Better is} 27. Re2 $16) 27... Rb4 $11 28. Qe1 (28. Ng5 $5) 28... Qb6 29. Ng5 f4 30. Be2 {[%emt 0:07:09] White is better.} Bf6 {[#]} 31. Nf3 Rb8 32. Qc1 h5 33. Ne1 Bd8 34. Bxb4 {[%emt 0:07:26] Weighted Error Value: White=0.16 (very precise) /Black=0.19 (very precise)   Mistake:       	White=2     	Black=3      Inaccurate:     	White=2     	Black=2      OK:         	White=7     	Black=8      Best:        	White=2     	---} 1/2-1/2

[Event "ESTCC-50 2025"]
[Site "Swidnica"]
[Date "2025.04.10"]
[Round "6.6"]
[White "Emms, John M"]
[Black "Dickenson, Neil F"]
[Result "1-0"]
[Annotator "RC"]
[ECO "C08"]
[WhiteElo "2411"]
[BlackElo "2250"]
[PlyCount "107"]
[EventDate "2025.04.05"]
[EventType "team-tourn"]
[EventCountry "POL"]
[SourceTitle "playchess.com"]
[Source "ChessBase"]
[SourceQuality "1"]
[WhiteTeam "England"]
[BlackTeam "England"]
[WhiteTeamCountry "ENG"]
[BlackTeamCountry "ENG"]
[TimeControl "40/5400+30:1800+30"]

1. e4 e6 2. d4 d5 3. Nd2 c5 4. exd5 exd5 5. Bb5+ Nc6 6. Ngf3 Qe7+ 7. Be2 Qc7 8. O-O Nf6 9. Re1 cxd4 10. Nb3 Bb4 11. Bd2 Bxd2 12. Qxd2 O-O 13. Nfxd4 Re8 14. Bd3 Bd7 15. h3 Qb6 16. Nxc6 Bxc6 17. c3 Ne4 18. Qe3 Qc7 19. Qd4 b6 20. Re2 Nf6 21. Rae1 Rxe2 22. Rxe2 Re8 23. Rxe8+ Bxe8 24. Qe3 Kf8 25. Nd4 Bd7 26. g4 h6 27. Kg2 Qd6 28. f4 Qe7 29. Kf3 Qxe3+ 30. Kxe3 Ke7 31. Bb5 g6 32. Bf1 Kd6 33. Bg2 Ne8 34. g5 hxg5 35. fxg5 Ng7 36. h4 Ke5 37. Nf3+ Kd6 38. Nd4 Ke5 39. Nf3+ Kd6 40. Bf1 a5 41. Nd4 Ke5 42. Bd3 Kd6 43. b4 Ke5 44. a3 axb4 45. cxb4 Be8 46. Bc2 f5 47. gxf6 Kxf6 48. a4 Ke5 49. a5 bxa5 50. bxa5 Kd6 51. Kf4 Kc5 52. Ke5 Nh5 53. Ne6+ Kc6 54. Ba4+ 1-0

[Event "ESTCC-50 2025"]
[Site "Swidnica"]
[Date "2025.04.10"]
[Round "6.7"]
[White "Duncan, Chris R"]
[Black "Flear, Glenn C"]
[Result "1/2-1/2"]
[Annotator "RC"]
[ECO "C45"]
[WhiteElo "2178"]
[BlackElo "2366"]
[PlyCount "29"]
[EventDate "2025.04.05"]
[EventType "team-tourn"]
[EventCountry "POL"]
[SourceTitle "playchess.com"]
[Source "ChessBase"]
[SourceQuality "1"]
[WhiteTeam "England"]
[BlackTeam "England"]
[WhiteTeamCountry "ENG"]
[BlackTeamCountry "ENG"]
[TimeControl "40/5400+30:1800+30"]

1. e4 e5 2. Nf3 Nc6 3. d4 exd4 4. Nxd4 Bc5 5. Nb3 Bb6 6. Nc3 Nf6 7. Qe2 d6 8. Be3 Be6 9. g3 O-O 10. Bg2 Re8 11. O-O Bxe3 12. Qxe3 d5 13. Rad1 Qc8 14. Qf4 dxe4 15. Nxe4 1/2-1/2

[Event "ESTCC-50 2025"]
[Site "Swidnica"]
[Date "2025.04.10"]
[Round "6.8"]
[White "Dishman, Stephen"]
[Black "Crocker, Philip J"]
[Result "1/2-1/2"]
[Annotator "ChessBase"]
[ECO "A48"]
[WhiteElo "2279"]
[BlackElo "2137"]
[PlyCount "39"]
[EventDate "2025.04.05"]
[EventType "team-tourn"]
[EventCountry "POL"]
[SourceTitle "playchess.com"]
[Source "ChessBase"]
[SourceQuality "1"]
[WhiteTeam "England"]
[BlackTeam "England"]
[WhiteTeamCountry "ENG"]
[BlackTeamCountry "ENG"]
[TimeControl "40/5400+30:1800+30"]

1. d4 Nf6 2. Nf3 g6 3. Bg5 Bg7 4. Nbd2 O-O 5. c3 d6 6. e4 h6 7. Bh4 c5 8. dxc5 dxc5 9. Be2 Nc6 10. O-O Nh5 11. Re1 b6 12. Bf1 Qc7 13. Qc2 Bb7 14. Rad1 Rad8 15. Nc4 Rxd1 16. Rxd1 Rd8 17. Re1 g5 18. Bg3 Nxg3 19. hxg3 Ba6 20. Rd1 1/2-1/2

[Event "ESTCC-50 2025"]
[Site "Swidnica"]
[Date "2025.04.10"]
[Round "6.9"]
[White "Zeidler, Sven P."]
[Black "Zych, Marek"]
[Result "1/2-1/2"]
[Annotator "ChessBase"]
[ECO "B23"]
[WhiteElo "2143"]
[BlackElo "1942"]
[PlyCount "129"]
[EventDate "2025.04.05"]
[EventType "team-tourn"]
[EventCountry "POL"]
[SourceTitle "playchess.com"]
[Source "ChessBase"]
[SourceQuality "1"]
[WhiteTeam "Wales"]
[BlackTeam "Poland"]
[WhiteTeamCountry "WLS"]
[BlackTeamCountry "POL"]
[TimeControl "40/5400+30:1800+30"]

1. e4 c5 2. Nc3 Nc6 3. f4 g6 4. Nf3 Bg7 5. Bb5 Nd4 6. O-O a6 7. Bd3 e6 8. e5 d5 9. Nxd4 cxd4 10. Ne2 Qb6 11. Qe1 Ne7 12. Qf2 f6 13. Qxd4 Qxd4+ 14. Nxd4 fxe5 15. fxe5 Bxe5 16. Nb3 Nc6 17. c3 Rf8 18. Re1 Bd7 19. Bc2 O-O-O 20. d4 Bg7 21. Nc5 Rde8 22. Nd3 e5 23. Nxe5 Nxe5 24. dxe5 Rxe5 25. Rxe5 Bxe5 26. Be3 Re8 27. Bf2 Bf4 28. Bd3 Bc6 29. Re1 Rxe1+ 30. Bxe1 Kd7 31. Bf2 Kd6 32. Bd4 Bc1 33. b3 Bg5 34. h3 Bd7 35. g4 Be6 36. Kg2 Bh4 37. Kf3 Bg5 38. Kg3 Bd7 39. h4 Bc1 40. Bg7 Be8 41. Be2 Bf7 42. Bf3 Bd2 43. Kf2 Bf4 44. Bd4 h6 45. Ke2 Bg3 46. h5 gxh5 47. gxh5 Bf4 48. Bb6 Be6 49. Ba7 Ke5 50. a4 Kf5 51. Kd3 Be5 52. Be3 Bf4 53. Bb6 Be5 54. c4 dxc4+ 55. bxc4 Bc8 56. Be3 Bf4 57. Be4+ Ke5 58. Bxf4+ Kxf4 59. a5 Ke5 60. Ke3 Be6 61. Bd3 Bd7 62. Bg6 Bc6 63. Bf7 Be4 64. Bg8 Bc6 65. Bf7 1/2-1/2

[Event "ESTCC-50 2025"]
[Site "Swidnica"]
[Date "2025.04.10"]
[Round "6.10"]
[White "Szmyd, Marek"]
[Black "Fletcher, John"]
[Result "1/2-1/2"]
[Annotator "NA"]
[ECO "B33"]
[WhiteElo "1900"]
[BlackElo "1989"]
[PlyCount "114"]
[EventDate "2025.04.05"]
[EventType "team-tourn"]
[EventCountry "POL"]
[SourceTitle "playchess.com"]
[Source "ChessBase"]
[SourceQuality "1"]
[WhiteTeam "Poland"]
[BlackTeam "Wales"]
[WhiteTeamCountry "POL"]
[BlackTeamCountry "WLS"]
[TimeControl "40/5400+30:1800+30"]

1. e4 c5 2. Nf3 Nc6 3. d4 cxd4 4. Nxd4 Nf6 5. Nc3 e5 6. Ndb5 d6 7. Bg5 a6 8. Na3 b5 9. Nd5 Be7 10. Bxf6 Bxf6 11. c3 Ne7 12. Nc2 Nxd5 13. Qxd5 Rb8 14. Ne3 O-O 15. Be2 Bg5 16. Qd3 Bxe3 17. Qxe3 f5 18. exf5 Bxf5 19. O-O Qb6 20. Rfd1 Qxe3 21. fxe3 Rb6 22. Rd2 Be4 23. a4 d5 24. axb5 axb5 25. Ra5 Rfb8 26. Bd3 Bxd3 27. Rxd3 Rd8 28. e4 d4 29. Kf2 Rf8+ 30. Rf3 dxc3 31. Rxf8+ Kxf8 32. bxc3 Kf7 33. Ke3 Kf6 34. Ra2 b4 35. Rb2 b3 36. c4 Kg5 37. g3 Kg4 38. Kd3 Rd6+ 39. Kc3 Kf3 40. c5 Rd4 41. Rxb3 Kxe4 42. Rb7 Kd5 43. Rxg7 Kxc5 44. Rxh7 Kd6 45. Rf7 Ke6 46. Rf2 Ra4 47. Kd3 e4+ 48. Ke3 Ke5 49. Rb2 Ra3+ 50. Kf2 Rf3+ 51. Kg2 Kd4 52. Rb4+ Ke3 53. h4 Rf2+ 54. Kh3 Kf3 55. Rb7 e3 56. Rf7+ Ke2 57. Re7 Kf3 1/2-1/2

[Event "ESTCC-50 2025"]
[Site "Swidnica"]
[Date "2025.04.10"]
[Round "6.11"]
[White "Adams, Mark"]
[Black "Stec, Czeslaw"]
[Result "1-0"]
[Annotator "NA"]
[ECO "B10"]
[WhiteElo "1916"]
[BlackElo "1820"]
[PlyCount "105"]
[EventDate "2025.04.05"]
[EventType "team-tourn"]
[EventCountry "POL"]
[SourceTitle "playchess.com"]
[Source "ChessBase"]
[SourceQuality "1"]
[WhiteTeam "Wales"]
[BlackTeam "Poland"]
[WhiteTeamCountry "WLS"]
[BlackTeamCountry "POL"]
[TimeControl "40/5400+30:1800+30"]

1. e4 c6 2. Nf3 d5 3. exd5 cxd5 4. Ne5 Nc6 5. d4 e6 6. c3 Bd6 7. f4 Nf6 8. Bd3 Qb6 9. Qe2 g6 10. Nd2 a5 11. Ndf3 Bd7 12. O-O Qc7 13. Bd2 Nh5 14. g4 Ng7 15. Rae1 h5 16. h3 hxg4 17. hxg4 Be7 18. Ng5 Bxg5 19. fxg5 Nxe5 20. Bf4 Qd8 21. Qxe5 Rg8 22. Qf6 Bc6 23. Be5 Qe7 24. Bxg6 Qxf6 25. gxf6 Nf5 26. Bh5 Nh6 27. Rf4 O-O-O 28. Kh2 Rg5 29. Kh3 Rdg8 30. Bd6 Be8 31. Re5 Kd7 32. Rxg5 Rxg5 33. Bf8 Nf5 34. Rf3 Rg8 35. Ba3 Nd6 36. Bxd6 Kxd6 37. Kh4 e5 38. dxe5+ Kxe5 39. Rf5+ Ke6 40. Rf2 Bb5 41. g5 Bd3 42. Rd2 Be4 43. c4 dxc4 44. Re2 Kf5 45. Bxf7 Rh8+ 46. Kg3 Bc6 47. Bxc4 Kxg5 48. f7 Rf8 49. Re5+ Kf6 50. Rxa5 b5 51. Bb3 Ke7 52. Ra7+ Kd6 53. Kh4 1-0

[Event "ESTCC-50 2025"]
[Site "Swidnica"]
[Date "2025.04.10"]
[Round "6.12"]
[White "Zaremba, Artur"]
[Black "Hughes, Anthony"]
[Result "1/2-1/2"]
[Annotator "ChessBase"]
[ECO "B13"]
[WhiteElo "2133"]
[BlackElo "1911"]
[PlyCount "112"]
[EventDate "2025.04.05"]
[EventType "team-tourn"]
[EventCountry "POL"]
[SourceTitle "playchess.com"]
[Source "ChessBase"]
[SourceQuality "1"]
[WhiteTeam "Poland"]
[BlackTeam "Wales"]
[WhiteTeamCountry "POL"]
[BlackTeamCountry "WLS"]
[TimeControl "40/5400+30:1800+30"]

1. e4 c6 2. d4 d5 3. exd5 cxd5 4. Nf3 Nc6 5. c3 Nf6 6. Bd3 Bg4 7. h3 Bh5 8. O-O e6 9. Re1 Bd6 10. Nbd2 Qc7 11. Nf1 O-O 12. Bg5 Be7 13. Ng3 Bg6 14. Bxg6 hxg6 15. Ne5 Nd7 16. Nxd7 Qxd7 17. Qg4 Bxg5 18. Qxg5 Qe7 19. Qe3 b5 20. a3 Na5 21. f4 Nc4 22. Qf2 Qf6 23. Nf1 Nd6 24. Nd2 a5 25. Nb3 Ne4 26. Qe3 Rfc8 27. Nd2 Nd6 28. Nf3 Nc4 29. Qc1 Rc7 30. a4 b4 31. cxb4 Rac8 32. b5 Na3 33. Qd2 Nc2 34. Qxa5 Nxe1 35. Qxe1 Qxf4 36. Qe5 Rc1+ 37. Rxc1 Rxc1+ 38. Kf2 Rc2+ 39. Kg1 Rc1+ 40. Kf2 Rc2+ 41. Kg1 Qxe5 42. Nxe5 Rxb2 43. Nc6 Kf8 44. Kf1 Ke8 45. Ke1 Kd7 46. Kd1 Kc7 47. Kc1 Rxg2 48. a5 Ra2 49. Kb1 Ra3 50. Kb2 Rxh3 51. Nb4 g5 52. Na6+ Kc8 53. Nc5 Rh2+ 54. Kb3 Rh1 55. Kb2 Rh2+ 56. Kb3 Rh1 1/2-1/2

[Event "ESTCC-50 2025"]
[Site "Swidnica"]
[Date "2025.04.10"]
[Round "6.13"]
[White "Bischoff, Klaus"]
[Black "Lalic, Susan K"]
[Result "1-0"]
[Annotator "RC"]
[ECO "D34"]
[WhiteElo "2425"]
[BlackElo "2227"]
[PlyCount "91"]
[EventDate "2025.04.05"]
[EventType "team-tourn"]
[EventCountry "POL"]
[SourceTitle "playchess.com"]
[Source "ChessBase"]
[SourceQuality "1"]
[WhiteTeam "Germany"]
[BlackTeam "England"]
[WhiteTeamCountry "GER"]
[BlackTeamCountry "ENG"]
[TimeControl "40/5400+30:1800+30"]

1. d4 d5 2. c4 e6 3. Nc3 c5 4. cxd5 exd5 5. Nf3 Nc6 6. g3 Nf6 7. Bg2 Be7 8. O-O O-O 9. Be3 c4 10. Ne5 Bf5 11. h3 h6 12. g4 Bh7 13. f4 Be4 14. Nxe4 Nxe4 15. Nxc6 bxc6 16. Bxe4 dxe4 17. Qc2 Qd5 18. Rfc1 Rfb8 19. Rab1 Rb4 20. Bd2 Rb6 21. Qxc4 Qd7 22. f5 Rab8 23. b3 Rb4 24. Bxb4 Rxb4 25. Qc3 Rxd4 26. Qe1 Rd2 27. Rd1 e3 28. Qf1 Bh4 29. Rxd2 Bf2+ 30. Kh1 exd2 31. Rd1 Be1 32. Qf3 Qd6 33. Kg2 Qc5 34. Kf1 Qc2 35. e4 Qxa2 36. e5 Qa6+ 37. Kg2 Qc8 38. Qe4 Qb8 39. Qe3 Kh7 40. e6 Qe8 41. e7 c5 42. Rxe1 dxe1=Q 43. Qxe1 g5 44. Qe5 h5 45. f6 Kg6 46. h4 1-0

[Event "ESTCC-50 2025"]
[Site "Swidnica"]
[Date "2025.04.10"]
[Round "6.14"]
[White "Regan, Natasha K"]
[Black "Holzke, Frank"]
[Result "0-1"]
[Annotator "RC"]
[ECO "A04"]
[WhiteElo "2056"]
[BlackElo "2412"]
[PlyCount "98"]
[EventDate "2025.04.05"]
[EventType "team-tourn"]
[EventCountry "POL"]
[SourceTitle "playchess.com"]
[Source "ChessBase"]
[SourceQuality "1"]
[WhiteTeam "England"]
[BlackTeam "Germany"]
[WhiteTeamCountry "ENG"]
[BlackTeamCountry "GER"]
[TimeControl "40/5400+30:1800+30"]

1. Nf3 g6 2. e4 c5 3. h4 d5 4. exd5 Nf6 5. Bb5+ Nbd7 6. c4 Bg7 7. Nc3 O-O 8. Ba4 Nb6 9. Bb3 e6 10. dxe6 Bxe6 11. O-O Bxc4 12. Bxc4 Nxc4 13. d3 Nd6 14. d4 cxd4 15. Nxd4 Rc8 16. Qb3 Nd7 17. Rd1 Nc5 18. Qd5 Nde4 19. Qxd8 Rfxd8 20. Be3 Nxc3 21. bxc3 a6 22. Ne2 Ne6 23. Rxd8+ Rxd8 24. Rc1 b5 25. c4 b4 26. c5 a5 27. Rc4 Rd1+ 28. Kh2 Be5+ 29. g3 Kf8 30. c6 Bc7 31. Kg2 Ke7 32. Kf3 Ra1 33. Rc2 a4 34. Nd4 Rb1 35. Nxe6 Kxe6 36. Bc5 b3 37. axb3 axb3 38. Rd2 Rc1 39. Ba3 Rxc6 40. Bb2 Rc2 41. Rxc2 bxc2 42. Ke2 Kf5 43. Kf3 h5 44. Bc1 Bd6 45. Bb2 Bc5 46. Bc1 Bb4 47. Kg2 Ke4 48. f3+ Kd3 49. g4 Bd2 0-1

[Event "ESTCC-50 2025"]
[Site "Swidnica"]
[Date "2025.04.10"]
[Round "6.15"]
[White "Boensch, Uwe"]
[Black "Jackson, Sheila"]
[Result "1/2-1/2"]
[Annotator "RC"]
[ECO "D27"]
[WhiteElo "2465"]
[BlackElo "2031"]
[PlyCount "62"]
[EventDate "2025.04.05"]
[EventType "team-tourn"]
[EventCountry "POL"]
[SourceTitle "playchess.com"]
[Source "ChessBase"]
[SourceQuality "1"]
[WhiteTeam "Germany"]
[BlackTeam "England"]
[WhiteTeamCountry "GER"]
[BlackTeamCountry "ENG"]
[TimeControl "40/5400+30:1800+30"]

1. d4 d5 2. c4 dxc4 3. Nf3 Nf6 4. e3 e6 5. Bxc4 c5 6. O-O a6 7. Be2 b6 8. Nbd2 Bb7 9. dxc5 Bxc5 10. a3 O-O 11. b4 Be7 12. Bb2 Nbd7 13. Qb1 Rc8 14. e4 Qc7 15. e5 Nd5 16. Bd3 h6 17. g3 Nc3 18. Qe1 Na4 19. Bd4 Rfd8 20. Qe3 b5 21. Ne4 Bd5 22. h4 Qb7 23. Nfd2 Nab6 24. Rac1 Nc4 25. Nxc4 bxc4 26. Bc2 a5 27. bxa5 Ra8 28. Rb1 Qc6 29. Nc3 Rxa5 30. Nxd5 exd5 31. a4 Nc5 1/2-1/2

[Event "ESTCC-50 2025"]
[Site "Swidnica"]
[Date "2025.04.10"]
[Round "6.16"]
[White "Fink-Nunn, Petra"]
[Black "Tischbierek, Raj"]
[Result "0-1"]
[Annotator "RC"]
[ECO "B89"]
[WhiteElo "1997"]
[BlackElo "2418"]
[PlyCount "54"]
[EventDate "2025.04.05"]
[EventType "team-tourn"]
[EventCountry "POL"]
[SourceTitle "playchess.com"]
[Source "ChessBase"]
[SourceQuality "1"]
[WhiteTeam "England"]
[BlackTeam "Germany"]
[WhiteTeamCountry "ENG"]
[BlackTeamCountry "GER"]
[TimeControl "40/5400+30:1800+30"]

1. e4 c5 2. Nf3 d6 3. d4 cxd4 4. Nxd4 Nf6 5. Nc3 Nc6 6. Bc4 e6 7. Be3 Bd7 8. Qe2 Rc8 9. Bb3 Na5 10. O-O-O Rxc3 11. bxc3 Nxe4 12. Qe1 Qc7 13. Kb2 d5 14. f3 Nxc3 15. Rd3 Na4+ 16. Ka1 Be7 17. Bd2 Nc4 18. Bxa4 Bxa4 19. Bc3 O-O 20. Nb3 Rc8 21. Qg3 Qxg3 22. hxg3 Na3 23. Kb2 Bb5 24. Rdd1 Nc4+ 25. Kb1 Ne3 26. Bd4 Nxd1 27. Rxd1 b6 0-1